AoeStats
← *DeeDee*

Nomad

509572678Analyzed
4v4 RM · 6d ago on Sep 27, 2026· 40m 57s· 8 players
Game mode
Random Map
Map size
231×231
Population
200
Speed
Normal
Resources
Standard
Victory
Conquest
Starting age
Dark Age
Ending age
Imperial Age
RankedLock teamsTeams togetherTeam positionsShared explorationLock speedFull tech treeHidden civsTurbo modeCheats
Victory
Defeat
🇨🇳 Danes · China
1542
+8
🇨🇳 Saxons · China
1385
+14
🇨🇳 Varangians · China
1351
+16
🇨🇳 Dravidians · China
1283
+19
🇳🇿 Malians · New Zealand
1382
-15
🇸🇰 Malay · Slovakia
1361
-15
🇻🇳 Dravidians · Vietnam
1340
-14
🇦🇷 Varangians · Argentina
1314
-13
bina
12:17 Feudal Age
12:56 Double-Bit Axe
14:11 Loom
16:29 Castle Age
14:19 Fishing Lines
15:35 Gold Mining
16:24 Horse Collar
18:10 Bow Saw
18:01 Heavy Plow
18:28 Stone Mining
21:26 Medium Warships
22:22 Forging
23:50 Wheelbarrow
27:10 Imperial Age
25:34 Hand Cart
25:48 Squires
25:40 Fletching
25:51 Padded Archer Armor
26:04 Medical Corps
25:47 Town Watch
26:25 Clinker Construction
27:37 Ballistics
28:42 Heavy Warships
28:18 Elite Skirmisher
30:29 Two-Man Saw
30:18 Carvel Hull
30:19 Bodkin Arrow
31:43 Chemistry
32:16 Bracer
32:32 Careening
33:28 Dry Dock
34:09 Elite Elephant Archer
35:25 Thumb Ring
37:31 Conscription
38:48 Leather Archer Armor
39:09 Husbandry
*DeeDee*
4:34 Loom
15:01 Feudal Age
22:24 Castle Age
20:30 Horse Collar
21:28 Town Watch
21:31 Double-Bit Axe
21:38 Gold Mining
26:16 Medium Warships
29:16 Forging
30:17 Wheelbarrow
30:05 Squires
35:31 Iron Casting
39:01 Imperial Age
36:29 Man-at-Arms
36:55 Arson
39:30 Blast Furnace
37:52 Long Swordsman
38:36 Forced Levy
38:58 Conscription
38:34 Two-Handed Swordsman
39:33 Fletching
KuKaracha
4:31 Loom
12:56 Feudal Age
17:27 Castle Age
16:38 Double-Bit Axe
16:36 Horse Collar
20:07 Heavy Plow
23:34 Wheelbarrow
22:51 Town Watch
24:40 Arson
24:57 Scale Mail Armor
25:09 Forging
25:42 Squires
28:54 Gambesons
32:33 Bow Saw
Wouldn'tyouknow
11:18 Loom
14:02 Feudal Age
14:38 Double-Bit Axe
18:54 Castle Age
16:51 Fishing Lines
18:09 Forging
20:15 Medium Warships
25:21 Gold Mining
25:23 Fletching
33:24 Imperial Age
32:54 Tigui
34:12 Wheelbarrow
33:25 Town Watch
34:42 Bodkin Arrow
36:24 Conscription
38:16 Farimba
犹大sama
10:51 Loom
13:53 Feudal Age
15:50 Double-Bit Axe
18:40 Castle Age
19:33 Bow Saw
19:09 Fishing Lines
24:00 Forging
25:27 Scale Mail Armor
29:28 Wheelbarrow
32:17 Gold Mining
35:49 Imperial Age
33:44 Fletching
34:05 Town Watch
34:43 Hand Cart
35:00 Bodkin Arrow
35:10 Stone Mining
35:26 Horse Collar
36:51 Bracer
38:04 Padded Archer Armor
38:50 Thumb Ring
40:15 Ballistics
40:49 Heavy Plow
42:13 Chemistry
钢铁猫
5:14 Loom
13:17 Feudal Age
14:00 Double-Bit Axe
16:47 Castle Age
18:40 Fletching
20:33 Horse Collar
24:46 Bow Saw
25:47 Wheelbarrow
24:57 Town Watch
25:30 Squires
25:51 Heavy Plow
26:21 Gold Mining
26:23 Arson
26:24 Gambesons
28:46 Scale Mail Armor
30:11 Forging
35:02 Imperial Age
33:49 Hand Cart
34:08 Bloodlines
33:59 Husbandry
35:11 Iron Casting
35:39 Chain Mail Armor
35:16 Capped Ram
37:42 Blast Furnace
37:04 Conscription
37:06 Elite Varangian Guard
38:20 Plate Mail Armor
38:03 Gothikon
镜华·缘
3:08 Loom
13:52 Feudal Age
15:40 Double-Bit Axe
18:20 Castle Age
19:09 Wheelbarrow
19:56 Bow Saw
19:29 Horse Collar
21:09 Hand Cart
24:15 Medium Warships
24:58 Scale Mail Armor
26:06 Gold Mining
29:18 Heavy Plow
32:39 Imperial Age
30:32 Fletching
31:15 Bodkin Arrow
32:48 Thumb Ring
33:17 Ballistics
32:48 Elite Elephant Archer
35:07 Stone Mining
35:19 Town Watch
36:55 Chemistry
35:58 Bracer
35:59 Padded Archer Armor
37:45 Conscription
38:06 Leather Archer Armor
39:00 Elite Skirmisher
40:27 Ring Archer Armor
woshinoob7
5:41 Loom
15:01 Feudal Age
16:45 Double-Bit Axe
19:02 Castle Age
17:18 Gold Mining
17:37 Fletching
17:48 Town Watch
19:20 Wheelbarrow
19:56 Bow Saw
20:09 Bodkin Arrow
22:07 Stone Mining
24:15 Gold Shaft Mining
23:35 Fishing Lines
26:28 Hand Cart
27:02 Ballistics
28:15 Treadmill Crane
30:08 Gillnets
30:32 Careening
31:10 Horse Collar
34:33 Imperial Age
34:37 Elite Longship
35:21 Bracer
36:28 Chemistry
37:26 Shipwright
38:16 Dry Dock
38:59 Murder Holes
39:15 Masonry
39:49 Conscription
40:27 Elite Hearth Troop
Connection lost

Rejoining the realm…

Still unreachable

The connection could not be restored.

Session expired

The server has moved on; the page needs a fresh start.